AoeStats
← DaTuRa

Arena

510586167Analyzed
4v4 RM · 1d ago on Oct 1, 2026· 35m 36s· 8 players
Game mode
Random Map
Map size
Large (8 player)
Population
200
Speed
Normal
Resources
Standard
Victory
Conquest
Starting age
Dark Age
Ending age
Imperial Age
RankedLock teamsTeams togetherTeam positionsShared explorationLock speedFull tech treeHidden civsTurbo modeCheats
Victory
Defeat
🇹🇷 Huns · Türkiye
1506
+15
🇹🇷 Franks · Türkiye
1482
+16
🇭🇰 Teutons · Hong Kong SAR China
1459
+17
🇹🇷 Khmer · Türkiye
1423
+17
🇩🇪 Wei · Germany
1492
-17
🇩🇪 Varangians · Germany
1472
-16
🇧🇪 Italians · Belgium
1472
-16
🇧🇪 Khmer · Belgium
1460
-16
Whop
10:17 Feudal Age
13:38 Castle Age
12:29 Double-Bit Axe
20:16 Horse Collar
21:18 Wheelbarrow
20:50 Gold Mining
22:24 Bloodlines
22:14 Husbandry
22:37 Heavy Plow
22:52 Bow Saw
23:36 Scale Barding Armor
23:42 Forging
25:03 Gold Shaft Mining
25:00 Husbandry
26:38 Chain Barding Armor
26:53 Iron Casting
28:24 Iron Casting
28:30 Hand Cart
28:01 Town Watch
29:07 Stone Mining
33:49 Imperial Age
32:03 Stone Shaft Mining
33:19 Fletching
Hympériius
6:30 Loom
6:42 Loom
9:28 Feudal Age
11:13 Man-at-Arms
11:39 Arson
21:04 Castle Age
20:17 Double-Bit Axe
31:34 Fletching
34:59 Wheelbarrow
chrizbee
11:52 Feudal Age
10:10 Loom
12:51 Double-Bit Axe
12:46 Horse Collar
15:43 Castle Age
14:10 Gold Mining
20:14 Imperial Age
19:05 Bow Saw
21:04 Gold Shaft Mining
21:01 Stone Mining
28:16 Block Printing
28:25 Sanctity
31:11 Town Watch
33:25 Wheelbarrow
canttouchme
9:46 Feudal Age
14:13 Castle Age
12:09 Double-Bit Axe
14:40 Loom
15:54 Bow Saw
20:22 Scale Barding Armor
22:24 Gold Mining
23:10 Husbandry
23:24 Bloodlines
25:08 Chain Barding Armor
25:01 Horse Collar
26:39 Husbandry
30:21 Scale Mail Armor
30:48 Squires
32:13 Loom
Hugh Jayniss
5:01 Loom
8:06 Feudal Age
11:17 Town Watch
22:22 Fletching
24:11 Double-Bit Axe
24:19 Horse Collar
25:52 Scale Mail Armor
26:03 Forging
31:50 Castle Age
32:54 Bodkin Arrow
33:06 Guard Tower
33:48 Pikeman
livulove
10:02 Feudal Age
13:42 Castle Age
11:58 Double-Bit Axe
12:13 Horse Collar
14:50 Bow Saw
21:18 Fletching
21:38 Loom
21:58 Bodkin Arrow
22:49 Padded Archer Armor
23:47 Leather Archer Armor
24:31 Wheelbarrow
27:03 Thumb Ring
28:47 Hand Cart
28:18 Town Watch
30:09 Husbandry
30:03 Gold Mining
30:15 Heavy Plow
35:30 Imperial Age
33:55 Bloodlines
36:23 Gold Shaft Mining
35:39 Stone Mining
DaTuRa
10:00 Feudal Age
14:06 Castle Age
13:16 Double-Bit Axe
13:26 Gold Mining
19:57 Husbandry
23:32 Gold Shaft Mining
23:19 Bow Saw
23:43 Forging
24:26 Loom
25:18 Wheelbarrow
25:49 Fervor
27:08 Iron Casting
28:57 Squires
29:26 Scale Mail Armor
29:53 Pikeman
30:50 Chain Mail Armor
32:15 Gambesons
32:46 Fletching
38:19 Imperial Age
BLACK EAGLE
10:42 Feudal Age
13:36 Castle Age
11:44 Double-Bit Axe
12:05 Horse Collar
14:52 Bow Saw
16:15 Heavy Plow
21:59 Loom
22:51 Wheelbarrow
22:17 Gold Mining
22:51 Husbandry
23:02 Bloodlines
24:34 Scale Barding Armor
24:49 Forging
25:12 Tusk Swords
26:01 Chain Barding Armor
27:11 Iron Casting
28:16 Gold Shaft Mining
31:23 Imperial Age
29:59 Hand Cart
29:30 Town Watch
29:21 Light Cavalry
31:43 Elite Battle Elephant
33:28 Blast Furnace
33:23 Conscription
33:42 Plate Barding Armor
Connection lost

Rejoining the realm…

Still unreachable

The connection could not be restored.

Session expired

The server has moved on; the page needs a fresh start.